 Dungeon Crawl Stone Soup version 0.22-a0-402-ga933591 (webtiles) character file.

132 4thArraOfDagon the Firebug (level 4, -1/33 HPs)
             Began as a Draconian Fire Elementalist on May 7, 2018.
             Slain by a centaur (9 damage)
             ... on level 6 of the Dungeon.
             The game lasted 00:04:31 (757 turns).

4thArraOfDagon the Firebug (DrFE)                    Turns: 757, Time: 00:04:32

Health: -1/33      AC:  5    Str:  9 (10) XL:     4   Next: 92%
Magic:  0/8        EV: 12    Int: 16      God:
Gold:   110        SH:  0    Dex: 12      Spells: 0/8 levels left

rFire    . . .     SeeInvis .   c - +0 flail
rCold    . . .     Gourm    .   (no shield)
rNeg     . . .     Faith    .   (armour unavailable)
rPois    +         Spirit   .   (helmet restricted)
rElec    .         Reflect  .   (no cloak)
rCorr    .         Harm     .   (no gloves)
MR       .....     Rnd*Rage +   (no boots)
Stlth    ++........             (no amulet)
HPRegen  0.11/turn              (no ring)
MPRegen  0.11/turn              (no ring)

@: very slightly contaminated
A: unfitting armour, berserk 1, deterioration 1, high mp 1, poison resistance,
cold-blooded, AC +5
a: no special abilities


You were on level 6 of the Dungeon.
You were not hungry.

You visited 1 branch of the dungeon, and saw 6 of its levels.

You collected 110 gold pieces.

Inventory:

Hand Weapons
 c - a +0 flail (weapon)
Wands
 e - a wand of enslavement (16)
 h - a wand of paralysis (9)
Scrolls
 i - 2 scrolls of enchant weapon
Potions
 a - a potion of brilliance
 f - 2 potions of curing
 g - a potion of haste {unknown}
 j - a potion of lignification
Comestibles
 b - 5 rations


   Skills:
 - Level 1.7 Dodging
 - Level 1.7 Stealth
 + Level 2.7 Spellcasting
 * Level 3.0 Conjurations
 * Level 4.2 Fire Magic


You couldn't memorise any spells.
You knew the following spells:

 Your Spells              Type           Power        Failure   Level  Hunger
a - Flame Tongue          Conj/Fire      ##...        4%          1    #......
b - Conjure Flame         Conj/Fire      ##......     13%         3    ###....
c - Sticky Flame          Conj/Fire      ##......     38%         4    #####..


Dungeon Overview and Level Annotations

Branches:
Dungeon (6/15)
 Temple: D:4-7

Altars:
Gozag
Kikubaaqudgha
Uskayaw
Yredelemnul

Annotations:
D:6 exclusion: oklob plant, VDreamerV's ghost, novice OpTm


Innate Abilities, Weirdness & Mutations

Your plain brown scales are hard. (AC +5)
You cannot fit into any form of body armour.
You are cold-blooded and may be slowed by cold attacks.
You tend to lose your temper in combat.
Your body sometimes deteriorates upon taking damage.
You have an increased reservoir of magic. (+10% MP)
Your system is resistant to poisons. (rPois)


Message History

Press: ? - help, Shift-Dir - straight line, f/p - centaur
Aim: a centaur (heavily wounded)
The flame tongue hits the centaur.
The centaur is almost dead.
The centaur barely misses you.
Unknown command.
Casting: Flame Tongue (safe; 4% risk of failure)
Confirm with . or Enter, or press ? or * to list all spells.
Aiming: Flame Tongue (safe; 4% risk of failure)
Press: ? - help, Shift-Dir - straight line, f/p - centaur
Aim: a centaur (almost dead)
The flame tongue hits the centaur.
The centaur appears unharmed.
The centaur is almost dead.
The centaur barely misses you. The centaur hits you.
* * * LOW HITPOINT WARNING * * *
Unknown command.
You closely miss the centaur.
The centaur is almost dead.
The centaur hits you!
You die...

#. ## #.# .# .. ###.#######c# #
#.# #.........@.#.###..##
#...................P
#.....^.......####.Pl #
#.###................#..P .
#..............#..##.#...#####.
#.#####....(./<..#..#.....>......
#........#########..##########.#.
########.# #...........#.<. #.#
##...######.....#


You could see a centaur.

Vanquished Creatures
  A centaur zombie (D:5)
  A bullfrog skeleton (D:4)
  A worker ant (D:4)
  3 adders (D:4)
  2 orcs (D:3)
  3 goblins (D:3)
  3 hobgoblins
  3 kobolds
  A quokka (D:5)
  2 frilled lizards
  2 rats (D:3)
22 creatures vanquished.

Vanquished Creatures (collateral kills)
  An orc (D:3)
  A bat (D:3)
2 creatures vanquished.

Vanquished Creatures (others)
  An orc (D:3)
1 creature vanquished.

Grand Total: 25 creatures vanquished

Notes
Turn   | Place    | Note
-------+----------+-------------------------------------------
     0 | D:1      | 4thArraOfDagon the Draconian Fire Elementalist began the quest for the Orb.
     0 | D:1      | Reached XP level 1. HP: 14/14 MP: 3/3
    79 | D:2      | Found an ancient bone altar of Kikubaaqudgha.
   206 | D:3      | Reached XP level 2. HP: 20/20 MP: 0/5
   424 | D:4      | Reached XP level 3. HP: 11/26 MP: 4/6
   429 | D:4      | Learned a level 3 spell: Conjure Flame
   429 | D:4      | Found an opulent altar of Gozag.
   497 | D:4      | Reached skill level 4 in Fire Magic
   497 | D:4      | Reached XP level 4. HP: 14/33 MP: 2/7
   518 | D:4      | Learned a level 4 spell: Sticky Flame
   612 | D:5      | Entered Level 5 of the Dungeon
   654 | D:5      | Found a hide-covered altar of Uskayaw.
   679 | D:6      | Found a basalt altar of Yredelemnul.
   679 | D:6      | Noticed an oklob plant
   680 | D:6      | :O
   692 | D:6      | Noticed VDreamerV's ghost (novice OpTm)
   717 | D:6      | Gained mutation: You tend to lose your temper in combat. [potion of mutation]
   717 | D:6      | Gained mutation: Your body sometimes deteriorates upon taking damage. [potion of mutation]
   717 | D:6      | Gained mutation: Your system is resistant to poisons. (rPois) [potion of mutation]
   717 | D:6      | Gained mutation: You have an increased reservoir of magic. (+10% MP) [potion of mutation]
   742 | D:6      | Noticed a centaur
   757 | D:6      | Slain by a centaur

Vault maps used:
D:1:      minmay_arrival_widening_spiral_wide, serial_bayou_lake_a
D:2:      nicolae_overflow_crystal_walls, elyvilon_altar_5,
          grunt_nemelex_the_gamble
D:3:      minmay_curled_crystal, lexackson_kobold_supper
D:4:      gammafunk_temple_overflow_claw, minmay_temple_entry_poolview,
          first_ration, nicolae_gozag_cash_rules_everything_around_me
D:5:      kennysheep_mini_moat, marbit_many_paths, uniq_duvessa
D:6:      overflow_temple_1_default, lemuel_doored_altar, lemuel_oklob_altar

Skill      XL: |  1  2  3  4 |
---------------+-------------+-----
Conjurations   | 2 3 |  3.0
Fire Magic     | 4 |  4.2
Dodging        | |  1.7
Stealth        | |  1.7
Spellcasting   | |  2.7

Action                   |  1- 3 |  4- 6 || total
-------------------------+-------+-------++-------
Melee: Flail             |    24 |     9 ||    33
       Tailslap          |     3 |       ||     3
 Cast: Flame Tongue      |    26 |     9 ||    35
       Conjure Flame     |     1 |     1 ||     2
Evoke: Wand              |     6 |     4 ||    10
  Use: Scroll            |       |     6 ||     6
       Potion            |       |     1 ||     1
 Stab: Paralysed         |    10 |     8 ||    18
Armor: Skin              |     5 |     6 ||    11
Dodge: Dodged            |    20 |    13 ||    33

Table legend:
 A = Spawn XP
 B = Non-spawn XP
 C = Spawn XP percentage of total XP
 D = Spawn monster count
 E = Non-spawn monster count
 F = Spawn count percentage of total count
 G = Total turns spent on level
                    A         B        C        D         E        F      G
               +---------+---------+-------+---------+---------+-------+---------
         Total |       0 |     189 |   0.0 |       0 |      24 |   0.0 |   757
               +---------+---------+-------+---------+---------+-------+---------
           D:1 |       0 |       4 |   0.0 |       0 |       2 |   0.0 |    79
           D:2 |       0 |       3 |   0.0 |       0 |       2 |   0.0 |    79
           D:3 |       0 |      21 |   0.0 |       0 |      12 |   0.0 |   232
           D:4 |       0 |     114 |   0.0 |       0 |       6 |   0.0 |   227
           D:5 |       0 |      47 |   0.0 |       0 |       2 |   0.0 |    58
               +---------+---------+-------+---------+---------+-------+---------
